 Dungeon Crawl Stone Soup version 0.30.0-7-g0c4daa9e05 (webtiles) character file.

Game seed: 7046348255783019618

294 Kass the Cruncher (level 6, -4/44 HPs)
             Began as a Gnoll Wanderer on May 13, 2023.
             Was a Follower of Wu Jian.
             Slain by a cerulean imp
             ... wielding a +1 spear
             ... summoned by Natasha
              (5 damage)
             ... on level 3 of the Dungeon.
             The game lasted 00:09:13 (2336 turns).

Kass the Cruncher (Gnoll Wanderer)                  Turns: 2336, Time: 00:09:15

Health: -4/44      AC:  2    Str: 11    XL:     6   Next: 33%
Magic:  11/11      EV: 12    Int: 14    God:    Wu Jian [*.....]
Gold:   152        SH:  0    Dex: 11    Spells: 7/11 levels left

rFire   . . .        l - +2 short sword (venom)
rCold   . . .        (no shield)
rNeg    . . .        e - +0 robe
rPois   .            (no helmet)
rElec   .            (no cloak)
rCorr   .            (no gloves)
SInv    .            (no boots)
Will    .....        (no amulet)
Stlth   ++           s - ring of wizardry
HPRegen 0.27/turn    (no ring)
MPRegen 0.12/turn

%: wizardry (x1)
@: no status effects
A: fangs 1, strong nose, distributed training
a: Renounce Religion


You were on level 3 of the Dungeon.
You worshipped Wu Jian.
Wu Jian was aware of your devotion.
You visited 1 branch of the dungeon, and saw 3 of its levels.

You collected 152 gold pieces.

Inventory:

Hand Weapons
 a - a +2 quarterstaff
 c - a +0 dagger
 l - a +2 short sword of venom (weapon)
Missiles
 b - 14 boomerangs (quivered)
Armour
 e - a +0 robe (worn)
Jewellery
 p - a ring of fire
 s - a ring of wizardry (left hand)
Wands
 t - a wand of roots (7)
Scrolls
 f - 2 scrolls of poison {unknown}
 g - 4 scrolls of teleportation {unknown}
 n - a scroll of amnesia {unknown}
 q - 2 scrolls of identify {unknown}
Potions
 d - a potion of lignification
 h - a potion of heal wounds {unknown}
 i - a potion of might {unknown}
 j - a potion of brilliance {unknown}
 k - 4 potions of attraction {unknown}
 m - 3 potions of curing {unknown}
 o - a potion of haste
 r - a potion of magic {unknown}


   Skills:
 + Level 2.0 Fighting
 + Level 2.0 Short Blades
 + Level 2.0 Long Blades
 + Level 2.0 Axes
 + Level 2.0 Maces & Flails
 + Level 2.0 Polearms
 + Level 8.7 Staves
 + Level 2.0 Ranged Weapons
 + Level 5.0 Throwing
 + Level 2.0 Armour
 + Level 2.0 Dodging
 + Level 2.0 Stealth
 + Level 2.0 Shields
 + Level 2.0 Unarmed Combat
 + Level 3.4 Spellcasting
 + Level 1.5 Conjurations
 + Level 1.5 Hexes
 + Level 2.6 Summonings
 + Level 1.5 Necromancy
 + Level 1.5 Translocations
 + Level 1.5 Transmutations
 + Level 1.5 Fire Magic
 + Level 1.5 Ice Magic
 + Level 1.5 Air Magic
 + Level 1.5 Earth Magic
 + Level 1.5 Poison Magic
 + Level 3.4 Invocations
 + Level 3.2 Evocations


You had 7 spell levels left.
You knew the following spells:

 Your Spells              Type           Power      Damage    Failure   Level
a - Summon Small Mammal   Summ           36%        N/A       2%          1
b - Call Canine Familiar  Summ           9%         N/A       9%          3

Your spell library contained the following spells:

 Spells                   Type           Power      Damage    Failure   Level
 Blink                    Tloc           12%        N/A       6%          2
 Manifold Assault         Tloc           6%         N/A       38%         4
 Storm Form               Tmut/Air       3%         N/A       100%        7


Dungeon Overview and Level Annotations

Branches:
Dungeon (3/15)

Altars:
Wu Jian

Annotations:
D:3 Natasha, Robin


Innate Abilities, Weirdness & Mutations

You have very sharp teeth.
Your uncanny sense of smell can sniff out nearby items.
Your experience applies equally to all skills.


Message History

The goblin attacks as you move away! The goblin hits you but does no damage.
Natasha attacks as you move away! Natasha closely misses you.
Robin zaps a wand.
The puff of flame hits you!
You spin and attack Robin.
You hit Robin but do no damage.
Robin is poisoned.
Natasha casts a spell.
Robin roars a battlecry!
The goblins go into a battle-frenzy!
Robin attacks as you move away! Robin completely misses you.
Robin throws the goblin at you! The goblin completely misses you.
The cerulean imp barely misses you.
You spin and attack the goblin.
You hit the goblin but do no damage.
The goblin is poisoned.
The goblin barely misses you. Natasha casts a spell at you.
The magic dart hits you!
* * * LOW HITPOINT WARNING * * *
The cerulean imp hits you but does no damage.
You spin and attack the goblin repeatedly.
You closely miss the goblin. Your bite misses the goblin.
The goblin is moderately wounded.
You hit the goblin.
You kill the goblin!
The Council accepts your kill.
Robin roars a battlecry!
The goblin goes into a battle-frenzy!
Natasha howls an incantation.
Natasha glows brightly for a moment.
The hobgoblin attacks as you move away!
The hobgoblin hits you but does no damage.
Robin looks more healthy.
Robin throws the goblin at you!
* * * LOW HITPOINT WARNING * * *
The goblin hits you with a +0 club.
* * * LOW HITPOINT WARNING * * *
Natasha casts a spell.
There is a stone staircase leading up here.
The hobgoblin looks more healthy.
Robin zaps a wand.
The puff of flame hits you!
* * * LOW HITPOINT WARNING * * *
The hobgoblin closely misses you. The goblin hits you with a +0 club.
* * * LOW HITPOINT WARNING * * *
The cerulean imp hits you from afar with a +1 spear.
You die...

.?...........>..# ...##
.$....#......>.####.#...
.)######..............#.
..)#####..!.....5.......
..)†..##.#.#..h.......#
...##.)).).#.g........#
.....#.#.....gg5......##
...........#...)g##.....
................@...###
.................g......
...............####.####
...........†...# ... ∆
..............## ###
.†.)..........#
...........†..#
...........<[.#
############
.............##
#..........#


You could see Robin, Natasha, 2 cerulean imps, 2 hobgoblins and 2 goblins.

Vanquished Creatures
  Sigmund (D:2)
  A gnoll (D:1)
  3 adders
  2 dart slugs (D:2)
  6 ball pythons
  6 bats
  4 endoplasms
  6 giant cockroaches
  6 hobgoblins
  8 jackals
  5 quokkas
  3 frilled lizards
  14 goblins
  4 kobolds
  4 rats (D:2)
73 creatures vanquished.

Vanquished Creatures (collateral kills)
  2 goblins (D:3)
  A jackal (D:2)
3 creatures vanquished.

Grand Total: 76 creatures vanquished

Notes
Turn   | Place    | Note
-------+----------+-------------------------------------------
     0 | D:1      | Kass the Gnoll Wanderer began the quest for the Orb.
     0 | D:1      | Kass set off with the following items: a +2 quarterstaff, 8
                  | boomerangs, a +0 dagger, a potion of lignification, a +0
                  | robe; and the following spell memorised: Summon Small
                  | Mammal; and the following spells available to memorise:
                  | Call Canine Familiar.
     0 | D:1      | Reached XP level 1. HP: 13/13 MP: 4/4
    79 | D:1      | Reached XP level 2. HP: 19/19 MP: 5/5
   502 | D:1      | Reached XP level 3. HP: 25/25 MP: 7/7
   506 | D:1      | Learned a level 3 spell: Call Canine Familiar
  1114 | D:2      | Noticed Sigmund
  1307 | D:2      | Reached skill level 1 in Fighting
  1307 | D:2      | Reached skill level 1 in Short Blades
  1307 | D:2      | Reached skill level 1 in Long Blades
  1307 | D:2      | Reached skill level 1 in Axes
  1307 | D:2      | Reached skill level 1 in Maces & Flails
  1307 | D:2      | Reached skill level 1 in Polearms
  1307 | D:2      | Reached skill level 1 in Ranged Weapons
  1307 | D:2      | Reached skill level 1 in Armour
  1307 | D:2      | Reached skill level 1 in Dodging
  1307 | D:2      | Reached skill level 1 in Stealth
  1307 | D:2      | Reached skill level 1 in Shields
  1307 | D:2      | Reached skill level 1 in Unarmed Combat
  1455 | D:2      | Killed Sigmund
  1456 | D:2      | Reached skill level 1 in Conjurations
  1456 | D:2      | Reached skill level 1 in Hexes
  1456 | D:2      | Reached skill level 1 in Necromancy
  1456 | D:2      | Reached skill level 1 in Translocations
  1456 | D:2      | Reached skill level 1 in Transmutations
  1456 | D:2      | Reached skill level 1 in Fire Magic
  1456 | D:2      | Reached skill level 1 in Ice Magic
  1456 | D:2      | Reached skill level 1 in Air Magic
  1456 | D:2      | Reached skill level 1 in Earth Magic
  1456 | D:2      | Reached skill level 1 in Poison Magic
  1456 | D:2      | Reached XP level 4. HP: 33/33 MP: 9/9
  1456 | D:2      | Reached XP level 5. HP: 38/38 MP: 10/10
  1614 | D:3      | Found an ornate altar of the Wu Jian Council.
  1643 | D:3      | Reached XP level 6. HP: 44/44 MP: 11/11
  1659 | D:3      | Became a worshipper of the Wu Jian Council
  1996 | D:2      | Reached skill level 5 in Throwing
  2312 | D:3      | Reached * piety under Wu Jian
  2324 | D:3      | Noticed Robin
  2326 | D:3      | Noticed Natasha
  2336 | D:3      | HP: 1/44 [goblin/+0 club[Robin] (2)]
  2336 | D:3      | Slain by a cerulean imp

Illustrated notes

Levels and vault maps discovered:
D:1:      heliophobic_arrival_glass_houses, layout_basic,
          hangedman_feature_mirror, dk_noncrumbling_3, kennysheep_flooded_box,
          ebering_dispersal_statue_hall
D:2:      minmay_chambers_of_twos, layout_basic, uniq_sigmund
D:3:      layout_rooms, mainiacjoe_overflow_chevrons, uniq_natasha, uniq_ijyb,
          uniq_robin, uniq_grinder

Skill      XL: |  1  2  3  4  5  6 |
---------------+-------------------+-----
Summonings     | 2 |  2.6
Fighting       | 1 2 |  2.0
Short Blades   | 1 2 |  2.0
Long Blades    | 1 2 |  2.0
Axes           | 1 2 |  2.0
Maces & Flails | 1 2 |  2.0
Polearms       | 1 2 |  2.0
Ranged Weapons | 1 2 |  2.0
Armour         | 1 2 |  2.0
Dodging        | 1 2 |  2.0
Stealth        | 1 2 |  2.0
Shields        | 1 2 |  2.0
Unarmed Combat | 1 2 |  2.0
Spellcasting   | 3 |  3.4
Conjurations   | 1 |  1.5
Hexes          | 1 |  1.5
Necromancy     | 1 |  1.5
Translocations | 1 |  1.5
Transmutations | 1 |  1.5
Fire Magic     | 1 |  1.5
Ice Magic      | 1 |  1.5
Air Magic      | 1 |  1.5
Earth Magic    | 1 |  1.5
Poison Magic   | 1 |  1.5
Invocations    | 3 |  3.4
Evocations     | 3 |  3.2
Throwing       | 5 |  5.0
Staves         | |  8.7

Action                     |  1- 3 |  4- 6 || total
---------------------------+-------+-------++-------
  Melee: Quarterstaff      |    39 |       ||    39
         Short sword       |    52 |   111 ||   163
         Bite              |     7 |     7 ||    14
   Cast: Summon Small Mamm |     2 |     4 ||     6
         Call Canine Famil |     1 |       ||     1
Ability: Lunge             |       |     8 ||     8
         Whirlwind         |       |     4 ||     4
   Stab: Sleeping          |     1 |     2 ||     3
         Distracted        |       |     1 ||     1
 Armour: Robe              |    15 |    19 ||    34
  Dodge: Dodged            |    46 |    68 ||   114
